AoeStats
← Flambunctious Ramingo

Arena

508110180Analyzed
1v1 RM · 11d ago on Sep 20, 2026· 44m 19s· 2 players
Game mode
Random Map
Map size
Tiny (2 player)
Population
200
Speed
Normal
Resources
Standard
Victory
Conquest
Starting age
Dark Age
Ending age
Imperial Age
RankedLock teamsTeams togetherTeam positionsShared explorationLock speedFull tech treeHidden civsTurbo modeCheats
Victory
Defeat
🇺🇸 Franks · United States
679
+15
🇧🇷 Malians · Brazil
664
-15
Tomate
10:12 Feudal Age
10:55 Double-Bit Axe
12:03 Horse Collar
13:41 Loom
19:40 Castle Age
18:25 Gold Mining
18:53 Padded Archer Armor
20:05 Scale Mail Armor
22:50 Gold Shaft Mining
21:52 Pikeman
24:13 Elite Skirmisher
24:59 Crossbowman
27:40 Bow Saw
29:03 Heavy Plow
29:52 Wheelbarrow
30:22 Leather Archer Armor
34:50 Imperial Age
32:14 Fletching
33:23 Hand Cart
33:51 Forging
33:14 Light Cavalry
34:16 Scale Barding Armor
34:16 Squires
35:09 Bloodlines
34:57 Bodkin Arrow
35:36 Husbandry
37:13 Arbalester
37:56 Town Watch
40:06 Ring Archer Armor
40:10 Crop Rotation
39:47 Town Patrol
43:14 Tigui
Flambunctious Ramingo
12:44 Feudal Age
13:16 Double-Bit Axe
17:08 Castle Age
16:09 Scale Barding Armor
16:15 Forging
18:37 Wheelbarrow
18:42 Chain Barding Armor
18:26 Husbandry
23:35 Hand Cart
23:22 Scale Mail Armor
23:59 Iron Casting
28:02 Bow Saw
28:20 Loom
33:44 Imperial Age
30:51 Elite Skirmisher
33:18 Ballistics
33:55 Fervor
33:45 Cavalier
35:29 Chemistry
35:08 Stone Mining
35:08 Gold Mining
35:31 Paladin
39:33 Plate Barding Armor
39:59 Blast Furnace
39:55 Padded Archer Armor
39:45 Fletching
Connection lost

Rejoining the realm…

Still unreachable

The connection could not be restored.

Session expired

The server has moved on; the page needs a fresh start.